Map: Blueshift LE

Players

sOs - Winner!

  • Race: Protoss Protoss
  • Spawn Location: 7:00

Zest

  • Race: Protoss Protoss
  • Spawn Location: 1:00

Event: 2018 WCS Global Finals

VOD

Have the link to the VOD?

Description

Time

  • Played on: Oct. 28, 2018, 4:30 p.m.
  • Length: 7:50

All games in this series

Show
View Real Time Build Order
Export as new Build Order

sOs Protoss - Winner!

Build Orders: Oracle Opening, Phoenix Opening 

Get SALT Encoding   

  12  0:00  Probe  
  13  0:12  Probe  
  14  0:16  Pylon  
  14  0:23  Probe  
  15  0:31  Probe  
  15  0:36  Gateway  
  15  0:40  Probe  
  16  0:46  Assimilator  
  17  0:50  Probe  
  17  0:54  Assimilator  
  18  0:58  Probe  
  19  1:07  Probe, Gateway  
  20  1:17  Probe  
  20  1:25  Cybernetics Core  
  21  1:29  Probe  
  22  1:39  Pylon  
  22  1:41  Probe  
  23  2:02  Warp Gate, Adept x2  
  27  2:10  Stargate  
  27  2:13  Probe  
  28  2:23  Pylon  
  28  2:36  Adept  
  30  2:41  Adept  
  32  2:44  Oracle  
  32  2:47  Pylon  
  34  3:10  Adept  
  34  3:11  Adept  
  38  3:19  Shield Battery  
  38  3:22  Oracle  
  37  3:34  Probe  
  36  3:44  Gateway  
  36  3:46  Probe  
  37  3:57  Robotics Facility  
  37  3:58  Phoenix  
  39  4:18  Pylon  
  39  4:25  Pylon  
  39  4:34  Phoenix  
  41  4:43  Stalker  
  41  4:44  Stalker  
  42  4:48  Probe  
  42  4:51  Phoenix  
  45  5:14  Stalker x2  
  45  5:20  Probe  
  43  5:30  Phoenix  
  45  5:36  Probe  
  46  5:44  Probe  
  47  5:53  Probe  
  48  6:05  Probe  
  49  6:12  Robotics Facility  
  49  6:18  Probe  
  50  6:34  Nexus  
  50  6:36  Probe  
  51  6:42  Pylon  
  51  6:47  Sentry  
  51  6:48  Probe  
  54  7:00  Probe  
  54  7:01  Observer  
  56  7:02  Sentry  
  56  7:04  Shield Battery  
  58  7:13  Probe  
  63  7:32  Pylon  
Show
View Real Time Build Order
Export as new Build Order

Zest Protoss 

Build Orders: Oracle Opening 

Get SALT Encoding   

  12  0:00  Probe  
  13  0:12  Probe  
  14  0:17  Pylon  
  14  0:24  Probe  
  15  0:32  Probe  
  15  0:36  Gateway  
  15  0:40  Probe  
  16  0:45  Assimilator  
  17  0:50  Probe  
  18  0:58  Probe  
  19  1:04  Assimilator  
  19  1:06  Probe  
  20  1:11  Gateway  
  20  1:17  Probe  
  20  1:24  Cybernetics Core  
  21  1:29  Probe  
  22  1:33  Pylon  
  22  1:41  Probe  
  23  1:53  Probe  
  24  2:01  Warp Gate, Adept x2  
  28  2:06  Pylon  
  28  2:15  Pylon  
  28  2:33  Stargate  
  28  2:36  Adept x2  
  31  2:39  Probe  
  30  3:02  Stalker  
  30  3:03  Stalker  
  34  3:08  Pylon  
  34  3:11  Oracle  
  34  3:15  Shield Battery  
  35  3:40  Probe  
  26  3:51  Probe  
  21  4:00  Probe  
  21  4:04  Oracle  
  21  4:08  Probe  
  26  4:19  Shield Battery, Probe  
  27  4:31  Probe  
  23  4:43  Probe  
  20  4:55  Probe  
  21  5:00  Stalker  
  21  5:01  Stalker  
  21  5:05  Probe  
  25  5:13  Probe  
  27  5:22  Probe  
  22  5:34  Probe  
  23  5:46  Probe  
  24  5:53  Stalker x2  
  28  6:00  Probe  
  29  6:09  Probe  
  29  6:16  Sentry  
  29  6:17  Probe  
  32  6:27  Probe  
  32  6:30  Sentry  
  34  6:39  Probe  
  35  6:48  Pylon  
  35  6:51  Probe  
  36  7:02  Probe  
  36  7:04  Sentry x2  
  41  7:10  Probe  
  41  7:19  Probe  
  41  7:23  Pylon  
  41  7:29  Probe  
Tags
 
Add a new tag
Caveats
  • Supply blocks, unpowered buildings, or Contaminate may cause inaccurate times.
  • Supply counts are checked every 10 seconds.